 Dungeon Crawl Stone Soup version 0.30-a0-852-g08b95dd62f (webtiles) character file.

Game seed: 18351323561285224440

219 Firecrotchwizard the Chopper (level 5, -15/47 HPs)
             Began as a Hill Orc Monk on Mar 5, 2023.
             Was a Believer of Beogh.
             Demolished by a wight
             ... wielding a +4 flail of freezing
              (16 damage)
             ... on level 4 of the Dungeon.
             The game lasted 00:04:23 (2406 turns).

Firecrotchwizard the Chopper (Hill Orc Monk)        Turns: 2406, Time: 00:04:23

Health: -15/47     AC:  4    Str: 16    XL:     5   Next: 96%
Magic:  5/5        EV: 12    Int: 10    God:    Beogh [**....]
Gold:   81         SH:  0    Dex: 13    Spells: 4/4 levels left

rFire   . . .      SeeInvis .    l - +0 war axe
rCold   . . .      Faith    .    (no shield)
rNeg    . . .      Spirit   .    i - +1 leather armour
rPois   .          Reflect  .    (no helmet)
rElec   .          Rampage  .    (no cloak)
rCorr   .                        (no gloves)
Will    .....                    (no boots)
Stlth   ++                       (no amulet)
HPRegen 0.27/turn                (no ring)
MPRegen 0.09/turn                (no ring)

@: no status effects
A: no striking features
a: Renounce Religion, Smiting


You were on level 4 of the Dungeon.
You worshipped Beogh.
Beogh was pleased with you.
You visited 1 branch of the dungeon, and saw 4 of its levels.

You collected 81 gold pieces.

Inventory:

Hand Weapons
 a - a +0 hand axe
 l - a +0 war axe (weapon)
   (You took it off an orc on level 3 of the Dungeon)
Missiles
 f - 4 atropa-tipped darts
 n - 6 poisoned darts
 s - 5 stones (quivered)
Armour
 b - a +0 robe
 i - a +1 leather armour (worn)
   (You found it on level 3 of the Dungeon)
 p - a +0 chain mail
   (You took it off an orc on level 4 of the Dungeon)
Jewellery
 c - a ring of ice {rC+, rF-}
   (You took it off an orc on level 4 of the Dungeon)
Wands
 y - a wand of mindburst (13)
   (You found it on level 4 of the Dungeon)
Scrolls
 d - a scroll of identify {@r1}
 m - a scroll of amnesia {unknown}
 r - a scroll of noise {unknown}
 S - a scroll of summoning
 V - a scroll of vulnerability {!r!r}
Potions
 e - 3 potions of degeneration {!q}
 g - a potion of invisibility {unknown}
 h - a potion of flight {unknown}
 j - 2 potions of magic {unknown}
 k - a potion of berserk rage {unknown}
 o - a potion of brilliance {unknown}
 q - a potion of curing {unknown}
 G - a potion of ambrosia {!q}


   Skills:
 + Level 4.9 Fighting
 * Level 6.6 Axes
 + Level 2.8 Armour
 - Level 2.4 Dodging
 - Level 1.5 Stealth


You had 4 spell levels left.
You didn't know any spells.
Your spell library contained the following spells:

 Spells                   Type           Power      Damage    Failure   Level
 Magic Dart               Conj           0%         1d3       41%         1
 Call Imp                 Summ           0%         N/A       56%         2
 Mephitic Cloud           Conj/Pois/Air  0%         N/A       80%         3


Dungeon Overview and Level Annotations

Branches:
Dungeon (4/15)
 Temple: D:4-7

Altars:


Message History

r - a scroll labelled VIMOAH FA OBA A goblin comes into view.
It is wielding a +0 club.
A goblin is nearby!
The goblin shouts!
You hear an angry hiss.
You hear a shout!
An adder and a kobold come into view.
The adder moves out of view.
An orc comes into view. It is wielding a +0 flail.
The goblin barely misses you.
An orc comes into view. It is wielding a +0 short sword.
You closely miss the goblin.
The orc shouts!
The kobold shouts!
You slash the adder!
You hear a shout!
The adder misses you. The goblin hits you with a +0 club.
An orc comes into view. It is wielding a +0 dagger.
You take 4 damage, and have 43/47 hp.
You barely miss the goblin. You barely miss the adder.
The adder bites you but does no damage. The goblin closely misses you.
The adder misses you.
You barely miss the goblin. You closely miss the adder.
The goblin completely misses you. The adder bites you.
The goblin barely misses you.
You take 2 damage, and have 41/47 hp.
You barely miss the goblin.
The orc shouts!
You slash the adder!
You kill the adder!
The goblin misses you.
You slash the kobold!
You kill the kobold!
You hit the goblin. The goblin hits you with a +0 club.
An orc priest comes into view. It is wielding a +0 dagger.
You take 4 damage, and have 37/47 hp.
You bow before the missionary of Beogh.
Beogh welcomes you!
You can now smite your foes.
With a roar of approval, the orcs welcome you as one of their own, and spare your life.
The orc closely misses the goblin.
The goblin barely misses you.
You slash the goblin!
You kill the goblin!
Beogh accepts your kill.
y - a wand of mindburst (13)
You swap places.
An orc comes into view. It is wielding a +0 short sword.
An orc comes into view. It is wielding a +0 hand axe.
A wight comes into view. It is wielding a +1 war axe.
The wight moves out of view.
You see here 3 javelins.
A wight comes into view. It is wielding a +0 short sword.
The orc shouts! x2; You hear a shout!
A wight comes into view. It is wielding a +4 flail of freezing.
An orc comes into view. It is wielding a +0 trident.
A wight comes into view. It is wielding a +0 dire flail.
The orc barely misses you.
You completely miss the orc. You hit the orc. The orc barely misses you.
The orc closely misses you.
You hit the orc. x2; The orc hits you with a +0 short sword.
The orc hits you with a +0 hand axe.
You take 6 damage, and have 37/47 hp.
You hit the orc but do no damage. You hit the orc.
You kill the orc!
Beogh accepts your kill.
An orc wizard comes into view. It is wielding a +0 dagger.
The orc barely misses you. The orc hits you with a +0 hand axe.
You take 4 damage, and have 33/47 hp.
The orc wizard shouts!
You hit the orc but do no damage. You barely miss the wight.
The wight misses you. The orc hits you with a +0 hand axe.
You take 4 damage, and have 29/47 hp.
You hit the orc.
You kill the orc!
Beogh accepts your kill.
You barely miss the wight. You hit the wight but do no damage.
The wight barely misses you. The wight misses you.
The orc hits you but does no damage.
The orc hits you from afar with a +0 trident.
You take 3 damage, and have 26/47 hp.
You slash the wight! The orc barely misses you.
You hit the wight. You barely miss the wight. The wight closely misses you.
The wight barely misses you. The orc misses you.
You hit the wight. The wight hits you with a +1 war axe.
You take 5 damage, and have 22/47 hp.
You hit the wight. The wight hits you with a +1 war axe!
* * * LOW HITPOINT WARNING * * *
You take 9 damage, and have 13/47 hp.
You closely miss the wight. The wight closely misses you.
The orc wizard mumbles some strange words.
The orc wizard flickers and vanishes!
Deactivating autopickup; reactivate with Ctrl-A.
You barely miss the wight.
The wight hits you with a +4 flail of freezing!
* * * LOW HITPOINT WARNING * * *
The wight freezes you.
* * * LOW HITPOINT WARNING * * *
You take 12 damage, and have 1/47 hp.
MASSIVE DAMAGE!!
Smite: a wight, wielding a +4 flail of freezing and wearing a +0 robe You fail to use your ability.
The wight hits you with a +4 flail of freezing!
You die...

... .. ##.#
...# #..#
###z)# #zo..#
#z#{## #@#(#
#.#.# #.#.##
####....####.#
#............#
#.##))..####.#
#.##.#.##
#.##.#.#
#.##.#.#


You could see 3 wights and an orc.

Vanquished Creatures
  A scorpion (D:4)
  2 orc wizards (D:4)
  2 adders
  3 worms
  A dart slug (D:2)
  16 orcs
  5 ball pythons
  5 endoplasms
  3 giant cockroaches
  4 goblins
  6 hobgoblins
  A quokka (D:1)
  4 bats
  A frilled lizard (D:3)
  7 kobolds
  2 rats
63 creatures vanquished.

Notes
Turn   | Place    | Note
-------+----------+-------------------------------------------
     0 | D:1      | Firecrotchwizard the Hill Orc Monk began the quest for the
                  | Orb.
     0 | D:1      | Reached XP level 1. HP: 19/19 MP: 1/1
    73 | D:1      | Reached XP level 2. HP: 12/27 MP: 2/2
   266 | D:2      | Reached skill level 1 in Armour
   382 | D:2      | Reached skill level 4 in Fighting
   390 | D:2      | Reached XP level 3. HP: 32/33 MP: 3/3
   629 | D:2      | Reached skill level 5 in Axes
  1039 | D:3      | Found a faded altar of an unknown god.
  1165 | D:3      | Reached XP level 4. HP: 17/40 MP: 4/4
  1169 | D:3      | HP: 10/40 [orc/+0 club (3)]
  1171 | D:3      | HP: 3/40 [orc/+0 club (3)]
  1441 | D:3      | Identified the +0 robe of the Shoals {rPois Str+4 Int+4}
  2075 | D:4      | Noticed a scorpion
  2080 | D:4      | Killed a scorpion
  2081 | D:4      | Reached skill level 6 in Axes
  2081 | D:4      | Reached skill level 2 in Armour
  2081 | D:4      | Reached XP level 5. HP: 47/47 MP: 5/5
  2373 | D:4      | Became a worshipper of Beogh the Brigand
  2373 | D:4      | Reached * piety under Beogh
  2373 | D:4      | Reached ** piety under Beogh
  2405 | D:4      | HP: 5/47 [wight/+4 flail of freezing (9)]
  2405 | D:4      | HP: 1/47 [wight/+4 flail of freezing (4)]
  2406 | D:4      | Demolished by a wight

Illustrated notes

Levels and vault maps discovered:
D:1:      matt_arrival_los_fun, layout_basic
D:2:      layout_loops_corners
D:3:      layout_basic, basic_ecumenical_altar
D:4:      layout_loops_ring, general_overflow_altar, fedhas_altar_fruit_tree

Skill      XL: |  1  2  3  4 |
---------------+-------------+-----
Armour         | 1 2 |  2.8
Fighting       | 4 |  4.9
Axes           | 5 6 |  6.6
Dodging        | |  2.4
Stealth        | |  1.5

Action                     |  1- 3 |  4- 6 || total
---------------------------+-------+-------++-------
  Melee: Hand axe          |   116 |    11 ||   127
         Punch             |     1 |     1 ||     2
         War axe           |       |    90 ||    90
  Throw: Stone             |       |     9 ||     9
         Dart              |       |     2 ||     2
 Invoke: Convert to Beogh  |       |     1 ||     1
    Use: Scroll            |       |     5 ||     5
   Stab: Sleeping          |     4 |     1 ||     5
 Armour: Robe              |    35 |       ||    35
         Leather armour    |       |    15 ||    15
  Dodge: Dodged            |    93 |    79 ||   172

Table legend: (Time is in decaauts)
 A = Elapsed time spent in this place.
 B = Non-inter-level travel time spent in this place.
 C = Inter-level travel time spent in this place.
 D = Time resting spent in this place.
 E = Time spent auto-exploring this place.
 F = Levels seen in this place.
 G = Mean time per level.
                   A        B        C        D        E       F      G
               +--------+--------+--------+--------+--------+-----+--------+
         Total |   2431 |   2362 |     69 |    110 |   1710 |   4 |  607.8 |
       Dungeon |   2431 |   2362 |     69 |    110 |   1710 |   4 |  607.8 |
               +--------+--------+--------+--------+--------+-----+--------+

Top non-repeatable levels by time:
     D:3: 1032 daAuts
     D:2: 634 daAuts
     D:4: 526 daAuts
     D:1: 238 daAuts

Table legend:
 A = Kills in this place as a percentage of kills in the entire game.
 B = Kills by you in this place as a percentage of kills by you in the entire game.
 C = Kills by friends in this place as a percentage of kills by friends in the entire game.
 D = Other kills in this place as a percentage of other kills in the entire game.
 E = Experience gained in this place as a percentage of experience gained in the entire game.
 F = Experience gained in this place divided by the number of levels of this place that you have seen.
                   A       B       C       D       E      F
               +-------+-------+-------+-------+-------+----------------------
         Total | 100.0 | 100.0 |   N/A |   N/A | 100.0 |  78.5
       Dungeon | 100.0 | 100.0 |   N/A |   N/A | 100.0 |  78.5
               +-------+-------+-------+-------+-------+----------------------
